 Dungeon Crawl Stone Soup version 0.25-a0-547-g27a0b5d1ef (webtiles) character file.

Game seed: 6008381256137091810, levelgen mode: deterministic

182 Emblim88 the Shooter (level 5, -6/46 HPs)
             Began as a Centaur Hunter on Feb 22, 2020.
             Mangled by an orc priest
             ... wielding a +0 mace
              (7 damage)
             ... on level 3 of the Dungeon.
             The game lasted 00:02:48 (2587 turns).

Emblim88 the Shooter (Centaur Hunter)               Turns: 2587, Time: 00:02:48

Health: -6/46      AC:  7    Str: 15    XL:     5   Next: 34%
Magic:  5/5        EV:  7    Int: 10    God:
Gold:   141        SH:  0    Dex: 10    Spells: 4/4 levels left

rFire    . . .     SeeInvis .   q - +3 spear
rCold    . . .     Gourm    .   (no shield)
rNeg     . . .     Faith    .   m - +0 scale mail
rPois    .         Spirit   .   (no helmet)
rElec    .         Reflect  .   (no cloak)
rCorr    .         Harm     .   t - +0 pair of gloves
MR       .....                  (no barding)
Stlth    ..........             (no amulet)
HPRegen  0.15/turn              (no ring)
MPRegen  0.09/turn              (no ring)

@: very quick
A: large, hooves 3, deformed body, speed 2, tough skin 3
a: no special abilities


You were on level 3 of the Dungeon.
You were not hungry.

You visited 1 branch of the dungeon, and saw 3 of its levels.

You collected 141 gold pieces.

Inventory:

Hand Weapons
 a - a +1 shortbow
 b - a +0 short sword
 q - a +3 spear (weapon)
Missiles
 d - 65 arrows
 n - 25 poisoned darts (quivered)
 u - 8 curare-tipped darts
Armour
 c - a +0 leather armour
 m - a +0 scale mail (worn)
 t - a +0 pair of gloves (worn)
Scrolls
 e - a scroll of blinking {unknown}
 h - 6 scrolls of fog {unknown}
 i - 2 scrolls of remove curse {unknown}
 j - a scroll of enchant armour {unknown}
 k - 2 scrolls of enchant weapon {unknown}
 l - 4 scrolls of identify {unknown}
Potions
 g - a potion of berserk rage {unknown}
 o - a potion of stabbing {unknown}
 p - a potion of degeneration {unknown}
 r - a potion of curing {unknown}
Comestibles
 f - 6 rations
 s - 5 chunks of flesh


   Skills:
 + Level 4.2 Fighting
 + Level 7.3 Bows
 - Level 1.3 Dodging
 - Level 0.4 Stealth


You had 4 spell levels left.
You didn't know any spells.
Your spell library was empty.

Dungeon Overview and Level Annotations

Branches:
Dungeon (3/15)

Altars:
Vehumet


Innate Abilities, Weirdness & Mutations

You have hooves in place of feet.
Armour fits poorly on your strangely shaped body.
You cover ground very quickly.
You have extremely tough skin. (AC +3)


Message History

The orc is moderately wounded.
The orc hits you.
You hit the orc but do no damage.
The orc is moderately wounded.
The orc barely misses you.
You hit the orc. You kick the orc.
You kill the orc!
The orc priest calls down the wrath of Beogh upon you.
Pain shoots through your body!
* * * LOW HITPOINT WARNING * * *
The orc priest closely misses you.
Items here: ))) [[ ††† You completely miss the orc priest.
The orc priest hits you with a +0 mace.
* * * LOW HITPOINT WARNING * * *
You closely miss the orc priest. The orc priest hits you with a +0 mace.
* * * LOW HITPOINT WARNING * * *
You hit the orc priest.
The orc priest is moderately wounded.
The orc priest hits you with a +0 mace!
You die...

##.. .# #. #..###.#
##+## # ###...#..
##...### .......
##.....## ##.#.##
##.......#
######..[..####.........
......))......'........÷
######.o...####.....(...
##@#.## ##.......# #.###
##.....#. #.# ##...##.
#.# ##'###. #.# #.# #.
#.# #.# #. #.# ####.###.
#.# ##........
#.#######.#.......


You could see an orc priest.

Vanquished Creatures
  An orc priest (D:3)
  4 adders
  An ooze (D:2)
  2 worms (D:2)
  3 dart slugs
  5 leopard geckos
  9 orcs (D:3)
  6 bats
  7 giant cockroaches
  6 goblins
  7 hobgoblins
  6 jackals
  10 kobolds
  A quokka (D:3)
  2 ball pythons
  6 frilled lizards
  5 rats
81 creatures vanquished.

Notes
Turn   | Place    | Note
-------+----------+-------------------------------------------
     0 | D:1      | Emblim88 the Centaur Hunter began the quest for the Orb.
     0 | D:1      | Reached XP level 1. HP: 17/17 MP: 1/1
   113 | D:1      | Reached XP level 2. HP: 25/25 MP: 2/2
   940 | D:2      | Reached skill level 6 in Bows
   940 | D:2      | Reached XP level 3. HP: 6/30 MP: 3/3
  1389 | D:2      | Found a radiant altar of Vehumet.
  1701 | D:2      | Reached XP level 4. HP: 38/38 MP: 4/4
  2321 | D:3      | Found a faded altar of an unknown god.
  2426 | D:3      | Reached skill level 7 in Bows
  2479 | D:3      | Reached XP level 5. HP: 43/46 MP: 5/5
  2586 | D:3      | HP: 1/46 [orc priest/+0 mace (3)]
  2587 | D:3      | Mangled by an orc priest

Levels and vault maps discovered:
D:1:      scummos_arrival_hexagon, layout_loops_corners
D:2:      layout_loops_ring, lemuel_doored_altar, first_ration
D:3:      layout_loops_corners, chequers_ecumenical_altar_island, minmay_vboxes,
          uniq_grinder

Skill      XL: |  1  2  3  4  5 |
---------------+----------------+-----
Bows           | 6 7 |  7.3
Fighting       | 3 4 |  4.2
Dodging        | |  1.3
Stealth        | |  0.4

Action                   |  1- 3 |  4- 6 || total
-------------------------+-------+-------++-------
Melee: Short sword       |    95 |       ||    95
       Kick              |    22 |    20 ||    42
       Spear             |    32 |   129 ||   161
  Eat: Chunk             |     2 |     2 ||     4
Armor: Leather armour    |    14 |       ||    14
       Scale mail        |    31 |    72 ||   103
Dodge: Dodged            |    47 |    53 ||   100

Table legend:
 A = Non-vault XP
 B = Vault XP
 C = Vault XP percentage of total XP
 D = Non-vault monster count
 E = Vault monster count
 F = Vault count percentage of total count
                 A         B        C        D         E       F
            +---------+---------+-------+---------+---------+-------
      Total |     242 |      18 |   6.9 |      75 |       6 |   7.4
            +---------+---------+-------+---------+---------+-------
        D:1 |      36 |       0 |   0.0 |      18 |       0 |   0.0
        D:2 |      98 |       0 |   0.0 |      26 |       0 |   0.0
        D:3 |     108 |      18 |  14.3 |      31 |       6 |  16.2
            +---------+---------+-------+---------+---------+-------
